 Dungeon Crawl Stone Soup version 0.27-a0-277-g024f7ef292 (webtiles) character file.

Game seed: 13376521510365840004

848823 gimp the Archmage (level 27, -11/256 HPs)
             Began as an Octopode Earth Elementalist on Feb 5, 2021.
             Was an Initiate of Gozag.
             Killed by a mummy priest's death curse (17 damage)
             ... on level 25 of a ziggurat.
             The game lasted 05:58:33 (121672 turns).

gimp the Archmage (Octopode Earth Elementalist)   Turns: 121672, Time: 05:58:34

Health: -11/256    AC: 39    Str:  8      XL:     27
Magic:  40/63      EV: 29    Int: 47 (51) God:    Gozag
Gold:   14763      SH: 17    Dex: 13      Spells: 5/80 levels left

rFire    + + +     SeeInvis +     - Unarmed
rCold    + + +     Faith    .   n - +5 kite shield {rF+}
rNeg     + + +     Spirit   .   J - +2 hat {Int+3}
rPois    ∞         Reflect  .   p - amulet "Luqueck" {Acrobat *Drain rElec Will+ Int+6}
rElec    +         Harm     .   X - ring "Zibbary" {rCorr Slay+2}
rCorr    +         Rampage  .   U - ring of Past Mistakes {rN+ Int+6}
Will     +++++     Clarity  +   e - ring of the Castellan {rN+ Will+}
Stlth    +++++.....             S - ring of Vanity {+Inv Will++ EV+4 Dex-3}
HPRegen  0.52/turn              Z - ring "Iblies" {rElec rPois rF++ Will+}
MPRegen  0.38/turn              B - ring of Releco {rC+ Int+8}
                                h - ring "Wumpecs" {rElec rPois rF++ Int+2}
                                P - ring of Free Expression {rElec rC+ MP+9 Dex+2 SInv}

@: brilliant, statue-form, resistant, gold aura, slightly contaminated, hasted
and slowed, studying 6 skills, invisible, very slow
A: almost no armour, stealthy swim, amphibious, 8 rings, constrict 8, camouflage
1, clarity, cold resistance 1, screaming 1, weak 1, wild magic 1
}: 5/15 runes: serpentine, barnacled, slimy, silver, abyssal
a: End Transformation, Renounce Religion, Evoke Invisibility, Potion Petition,
Call Merchant, Bribe Branch


You were on level 25 of a ziggurat.
You worshipped Gozag.
Gozag was extremely pleased with you.
You were a stone statue.
You visited 10 branches of the dungeon, and saw 50 of its levels.
You visited the Abyss 4 times.
You visited 1 ziggurat, and saw 25 of its levels.
You also visited: Trove, Wizlab and Desolation.

You collected 43972 gold pieces.
You spent 10809 gold pieces at shops.
You paid 18400 gold pieces to Gozag.

Inventory:

Missiles
 v - 14 throwing nets
 w - 11 curare-tipped darts
Armour
 n - a +5 kite shield of fire resistance (worn)
 J - a +2 hat of intelligence (worn)
Magical Staves
 a - an uncursed staff of fire
Jewellery
 e - the ring of the Castellan (on tentacle) {rN+ Will+}
   (You found it in a treasure trove)

   [ring of positive energy]

   It protects you from negative energy.
   It affects your willpower, your defense against some magical effects.
 h - the ring "Wumpecs" (on tentacle) {rElec rPois rF++ Int+2}
   (You took it off a merfolk on level 4 of the Shoals)

   [ring of poison resistance]

   It affects your intelligence (+2).
   It greatly protects you from fire.
   It insulates you from electricity.
   It protects you from poison.
 i - an uncursed amulet of magic regeneration
 p - the amulet "Luqueck" (around mantle) {Acrobat *Drain rElec Will+ Int+6}
   (You found it on level 2 of the Depths)

   [amulet of the acrobat]

   It helps you evade while moving and waiting.
   It affects your intelligence (+6).
   It insulates you from electricity.
   It affects your willpower, your defense against some magical effects.
   It causes draining when unequipped.
 B - the ring of Releco (on tentacle) {rC+ Int+8}
   (You acquired it on level 4 of the Vaults)

   [ring of protection from cold]

   It affects your intelligence (+8).
   It protects you from cold.
 P - the ring of Free Expression (on tentacle) {rElec rC+ MP+9 Dex+2 SInv}
   (You found it in a treasure trove)

   [ring of see invisible]

   It affects your dexterity (+2).
   It protects you from cold.
   It insulates you from electricity.
   It affects your magic capacity (+9).
   It lets you see invisible.
 R - the ring "Voystraet" {rPois rC++ MP+9}
   (You found it on level 3 of a ziggurat)

   [ring of magical power]

   It greatly protects you from cold.
   It protects you from poison.
   It affects your magic capacity (+9).
 S - the ring of Vanity (on tentacle) {+Inv Will++ EV+4 Dex-3}
   (You found it on level 5 of the Depths)

   [ring of evasion]

   It affects your evasion (+4).
   It affects your dexterity (-3).
   It affects your willpower, your defense against some magical effects.
   It lets you turn invisible.
 U - the ring of Past Mistakes (right tentacle) {rN+ Int+6}
   (You found it in a wizard's laboratory)

   [ring of positive energy]

   It affects your intelligence (+6).
   It protects you from negative energy.
 V - the ring of Vaes Tud {+Fly rElec rC+ rN+}
   (You found it on level 17 of a ziggurat)

   [ring of flight]

   It protects you from cold.
   It insulates you from electricity.
   It protects you from negative energy.
   It lets you fly.
 X - the ring "Zibbary" (left tentacle) {rCorr Slay+2}
   (You found it on level 21 of a ziggurat)

   [ring of resist corrosion]

   It affects your accuracy and damage with ranged weapons and melee attacks
   (+2).
   It provides partial protection from all sources of acid and corrosion.
 Z - the ring "Iblies" (on tentacle) {rElec rPois rF++ Will+}
   (You found it on level 21 of a ziggurat)

   [ring of willpower]

   It greatly protects you from fire.
   It insulates you from electricity.
   It protects you from poison.
   It affects your willpower, your defense against some magical effects.
Wands
 b - a wand of iceblast (45)
 C - a wand of digging (4)
 N - a wand of acid (30)
Scrolls
 c - 25 scrolls of remove curse
 l - 21 scrolls of enchant armour
 o - 15 scrolls of amnesia
 r - 42 scrolls of teleportation
 A - 14 scrolls of fog
 D - 8 scrolls of silence
 G - 17 scrolls of magic mapping
 H - 14 scrolls of identify
 K - 7 scrolls of summoning
 T - 6 scrolls of holy word
 W - 4 scrolls of fear
 Y - 6 scrolls of blinking
Potions
 d - 32 potions of mutation
 f - 9 potions of ambrosia
 g - 12 potions of haste
 j - 7 potions of cancellation
 k - 2 potions of experience
 m - a potion of invisibility
 q - 6 potions of might
 s - 9 potions of berserk rage
 x - 5 potions of magic
 z - 20 potions of curing
 F - 9 potions of flight
 I - 7 potions of brilliance
 M - 6 potions of resistance
 Q - 5 potions of heal wounds
Miscellaneous
 t - a condenser vane
 u - a phantom mirror
 y - a phial of floods
 L - a lightning rod (4/4)
 O - a tin of tremorstones (2/2)


   Skills:
 + Level 18.5 Fighting
 - Level 10.0 Short Blades
 - Level 22.0 Dodging
 - Level 10.0 Stealth
 - Level 15.0 Shields
 - Level 16.0 Unarmed Combat
 O Level 27 Spellcasting
 - Level 10.0 Conjurations
 - Level 10.0 Necromancy
 - Level 3.0 Translocations
 - Level 15.0 Transmutations
 - Level 18.0 Fire Magic
 + Level 17.0 Ice Magic
 - Level 22.0 Earth Magic


You had 5 spell levels left.
You knew the following spells:

 Your Spells              Type           Power        Failure   Level
a - Bolt of Magma         Conj/Fire/Erth 81%          1%          5
b - Irradiate             Conj/Tmut      75%          1%          5
c - Iron Shot             Conj/Erth      80%          1%          6
d - Lee's Rapid Deconstr  Erth           88%          1%          5
e - Borgnjor's Vile Clut  Necr/Erth      80%          1%          5
f - Ignition              Fire           83%          1%          8
g - Passwall              Tmut/Erth      100%         1%          2
h - Fireball              Conj/Fire      77%          1%          5
i - Dragon Form           Tmut           79%          1%          7
j - Statue Form           Tmut/Erth      100%         1%          6
k - Absolute Zero         Ice            82%          26%         9
l - Shatter               Erth           88%          4%          9
m - Apportation           Tloc           100%         1%          1
E - Blink                 Tloc           N/A          1%          2

Your spell library contained the following spells:

 Spells                   Type           Power        Failure   Level
 Animate Skeleton         Necr           100%         1%          1
 Beastly Appendage        Tmut           100%         1%          1
 Corona                   Hex            98%          1%          1
 Foxfire                  Conj/Fire      100%         1%          1
 Freeze                   Ice            100%         1%          1
 Magic Dart               Conj           100%         1%          1
 Pain                     Necr           100%         1%          1
 Sandblast                Erth           100%         1%          1
 Shock                    Conj/Air       100%         1%          1
 Sting                    Tmut/Pois      100%         1%          1
 Summon Small Mammal      Summ           100%         1%          1
 Call Imp                 Summ           89%          1%          2
 Corpse Rot               Necr/Air       N/A          1%          2
 Ensorcelled Hibernation  Hex/Ice        100%         1%          2
 Poisonous Vapours        Pois/Air       100%         1%          2
 Searing Ray              Conj           100%         1%          2
 Slow                     Hex            89%          1%          2
 Sublimation of Blood     Necr           70%          1%          2
 Swiftness                Air            89%          1%          2
 Wereblood                Tmut           100%         1%          2
 Call Canine Familiar     Summ           89%          1%          3
 Confusing Touch          Hex            89%          1%          3
 Conjure Flame            Conj/Fire      100%         1%          3
 Dazzling Flash           Conj/Hex       100%         1%          3
 Frozen Ramparts          Ice            100%         1%          3
 Gell's Gravitas          Tloc           54%          1%          3
 Ignite Poison            Fire/Tmut/Pois 100%         1%          3
 Inner Flame              Hex/Fire       100%         1%          3
 Lesser Beckoning         Tloc           54%          1%          3
 Mephitic Cloud           Conj/Pois/Air  100%         1%          3
 Ozocubu's Armour         Ice            100%         1%          3
 Portal Projectile        Hex/Tloc       100%         1%          3
 Spider Form              Tmut/Pois      65%          1%          3
 Static Discharge         Conj/Air       100%         1%          3
 Stone Arrow              Conj/Erth      100%         1%          3
 Summon Guardian Golem    Hex/Summ       89%          1%          3
 Teleport Other           Tloc           100%         1%          3
 Tukima's Dance           Hex            89%          1%          3
 Vampiric Draining        Necr           70%          1%          3
 Animate Dead             Necr           70%          1%          4
 Dispel Undead            Necr           100%         1%          4
 Fulminant Prism          Conj/Hex       60%          1%          4
 Hailstorm                Conj/Ice       100%         1%          4
 Ice Form                 Ice/Tmut       100%         1%          4
 Iskenderun's Mystic Bla  Conj/Tloc      100%         1%          4
 Leda's Liquefaction      Hex/Erth       72%          1%          4
 Passage of Golubria      Tloc           N/A          1%          4
 Petrify                  Tmut/Erth      100%         1%          4
 Sticky Flame             Conj/Fire      100%         1%          4
 Summon Ice Beast         Ice/Summ       100%         1%          4
 Agony                    Necr           100%         1%          5
 Alistair's Intoxication  Tmut/Pois      87%          1%          5
 Blade Hands              Tmut           79%          1%          5
 Excruciating Wounds      Necr           70%          1%          5
 Iskenderun's Battlesphe  Conj           100%         1%          5
 Metabolic Englaciation   Hex/Ice        68%          1%          5
 Yara's Violent Unravell  Hex/Tmut       65%          1%          5
 Airstrike                Air            44%          3%          4
 Cause Fear               Hex            44%          3%          4
 Olgreb's Toxic Radiance  Pois           89%          3%          4
 Summon Lightning Spire   Summ/Air       89%          3%          4
 Summon Forest            Summ/Tloc      50%          4%          5
 Silence                  Hex/Air        44%          9%          5
 Summon Mana Viper        Hex/Summ       89%          9%          5
 Death Channel            Necr           70%          1%          6
 Freezing Cloud           Conj/Ice/Air   69%          1%          6
 Hydra Form               Tmut           79%          1%          6
 Simulacrum               Ice/Necr       76%          1%          6
 Starburst                Conj/Fire      77%          1%          6
 Ozocubu's Refrigeration  Ice            82%          1%          7
 Eringya's Noxious Bog    Tmut/Pois      65%          2%          6
 Lehudib's Crystal Spear  Conj/Erth      80%          3%          8
 Orb of Destruction       Conj           70%          4%          7
 Conjure Ball Lightning   Conj/Air       60%          6%          6
 Haunt                    Necr/Summ      60%          28%         7
 Spellforged Servitor     Conj/Summ      60%          28%         7
 Invisibility             Hex            89%          36%         6
 Shadow Creatures         Summ           N/A          36%         6
 Fire Storm               Conj/Fire      77%          61%         9
 Malign Gateway           Summ/Tloc      50%          73%         7
 Monstrous Menagerie      Summ           44%          89%         7
 Summon Hydra             Summ           44%          89%         7
 Chain Lightning          Conj/Air       60%          89%         8
 Discord                  Hex            44%          100%        8
 Summon Horrible Things   Summ           44%          100%        8
 Animate Armour           Summ/Erth      Unusable     N/A         4

Dungeon Overview and Level Annotations

Branches:
Dungeon (15/15)            Temple (1/1) D:5            Lair (6/6) D:11
 Shoals (4/4) Lair:2        Snake (4/4) Lair:4        Slime (5/5) Lair:5
    Orc (2/2) D:11            Elf (3/3) Orc:2        Vaults (5/5) D:14
  Crypt (0/3) Vaults:3     Depths (5/5) D:15            Zot (0/5) Depths:5
 WizLab (visited)         Desolation (visited)

Altars:
Ashenzari
Cheibriados
Dithmenos
Elyvilon
Fedhas
Gozag
Hepliaklqana
Kikubaaqudgha
Makhleb
Nemelex Xobeh
Okawaru
Qazlal
Ru
Sif Muna
Trog
Uskayaw
Vehumet
Wu Jian
Xom
Yredelemnul
Zin
The Shining One
Beogh
Jiyva
Lugonu

Shops:
D:6 (   D:10 !   D:11 :*=   Orc:2 !*((   Elf:1 *   Snake:2 :=:   Snake:4 (
Vaults:1 *

Portals:
Hell: Depths:1 Depths:2 Depths:3 Depths:4 Depths:5
Abyss: Depths:4
Pandemonium: Depths:2 Depths:3

Annotations:
D:9 exclusion: 3 lindwurms
Elf:2 3 runed translucent doors
Elf:3 exclusion: upstairs
Vaults:2 exclusion: door, Boris


Innate Abilities, Weirdness & Mutations

You cannot wear most types of armour.
You are very stealthy in the water. (Stealth+)
You are amphibious.
You can wear up to eight rings at the same time.
You can use your tentacles to constrict eight enemies at once.
Your skin changes colour to match your surroundings (Stealth+).
((Your rubbery body absorbs attacks. (AC +1, EV +1)))
You possess an exceptional clarity of mind.
Your flesh is cold resistant. (rC+)
You occasionally shout uncontrollably at your foes.
You are weak. (Str -2)
Your spells are a little harder to cast, but a little more powerful.


Message History

You destroy the royal mummy!
The fireball engulfs the mummy priest!!
You destroy the mummy priest!
The fireball engulfs the royal mummy!!!
You destroy the royal mummy!
The death scarab disappears in a puff of smoke! x2
You feel a bit more experienced.
You feel extremely nervous for a moment...
Pain shoots through your body!
* * * LOW HITPOINT WARNING * * *
You feel extremely nervous for a moment...
Pain shoots through your body!
* * * LOW HITPOINT WARNING * * *
You feel extremely nervous for a moment...
You are engulfed in negative energy!
You feel dopey.
You feel extremely nervous for a moment...
Pain shoots through your body!
You die...
Your body crumbles into a pile of gold.

. .. ... ▓.............
▓...........$.
▓▓▓▓▓▓▓▓▓▓▓▓▓▓..........$..
▓...........8$.........$$..
▓...........$....$......s$.
▓..............$..$.§.$....
▓.............§.§$$$§.$$s.8
▓...............§$$$§ZZMM..
▓...............§.§$§..$$MM
▓∩.............§.§§...$$$.M
▓...............§......$$sM
▓.................$....$$M$


There were no monsters in sight!

Vanquished Creatures
  the Royal Jelly (Slime:5)
  A dread lich (Vaults:5)
  An orb of fire (Zig:8)
  Mara (Shoals:4)
  3 ancient liches
  5 juggernauts
  16 royal mummies
  Bai Suzhen (Shoals:3)
  Margery (Vaults:2)
  5 Killer Klowns (Zig:15)
  The ghost of Cuucabuana the Slayer, a veteran MiGl of Okawaru (Elf:2)
  Vashnia (Snake:3)
  Saint Roka (Depths:5)
  2 caustic shrikes
  Nikola (Snake:3)
  3 profane servitors
  A mutant beast (WizLab)
  5 golden dragons
  Jory (Depths:5)
  6 bone dragons
  A Tzitzimitl (Zig:4)
  A hellephant (Zig:9)
  A Brimstone Fiend (Zig:15)
  10 tentacled monstrosities
  7 liches
  Asterion (Elf:2)
  2 deep elf blademasters
  5 titans
  4 pandemonium lords
  6 quicksilver dragons
  A deep elf master archer (Elf:3)
  21 tentacled starspawn
  21 acid blobs
  7 sphinxes
  A kraken (Shoals:2)
  The ghost of Tarl the Peltast, an adept FoFi of Qazlal (Snake:3)
  Roxanne (Snake:3)
  3 storm dragons
  Ilsuiw (Shoals:4)
  55 nagarajas
  3 shadow dragons
  A fenstrider witch (shapeshifter) (WizLab)
  8 tengu reavers
  7 draconian monks
  14 draconian knights
  7 draconian scorchers
  5 balrugs
  2 daevas
  An orc warlord (D:14)
  Louise (Snake:3)
  8 emperor scorpions
  15 vault wardens
  15 azure jellies
  9 fire giants
  2 caustic shrike zombies
  An imperial myrmidon (Desolation)
  9 frost giants
  A juggernaut zombie (Zig:25)
  A cacodemon (Abyss:2)
  The ghost of jasper the Covert, an adept SpEn of Cheibriados (Shoals:2)
  7 deep elf sorcerers
  22 ghost moths
  3 draconian stormcallers
  7 draconian shifters
  A caustic shrike skeleton (Zig:25)
  2 reapers
  9 deep elf elementalists
  4 spriggan defenders (Depths:5)
  5 draconian annihilators
  56 very ugly things
  30 stone giants
  Aizul (Snake:2)
  19 ironheart preservers
  3 war gargoyles (Vaults:5)
  8 vampire knights
  10 entropy weavers
  6 deep elf demonologists
  3 green draconians (Zig:22)
  A corrupter (Zig:18)
  11 deep elf annihilators
  5 red draconians
  2 bennus (Zig:25)
  5 white draconians
  2 halazid warlocks (Desolation)
  A black sun (Zig:4)
  3 yellow draconians
  4 bunyips
  A bunyip (shapeshifter) (Vaults:1)
  An entropy weaver (shapeshifter) (Vaults:4)
  A lorocyproca (Abyss:3)
  4 purple draconians
  3 black draconians (Zig:22)
  A dire elephant (Abyss:3)
  Azrael (D:12)
  9 spark wasps
  11 ettins
  13 fire dragons
  5 deep elf death magi
  5 green deaths
  2 blizzard demons
  2 eleionomae (shapeshifter)
  4 eleionomae (Zig:19)
  3 shambling mangroves
  3 crystal guardians (Desolation)
  18 merfolk impalers
  3 quicksilver dragon zombies (Zig:25)
  9 deep elf high priests
  6 ragged hierophants (Desolation)
  Snorg (Orc:2)
  9 death oozes
  13 mummy priests
  12 merfolk javelineers
  10 great orbs of eyes
  Fannar (D:11)
  8 servants of whispers (Desolation)
  16 yaktaur captains
  9 rakshasas
  37 vault guards
  6 boulder beetles
  Harold (Lair:2)
  16 hydras
  4 peacekeepers (Desolation)
  32 naga warriors
  11 centaur warriors
  4 ghost crabs
  5 spriggan air magi
  20 ogre magi
  3 catoblepae
  7 merfolk avatars
  A hell beast (Depths:4)
  15 ice dragons
  5 alligator snapping turtles
  An alligator snapping turtle (shapeshifter) (Vaults:1)
  4 alligators
  2 death knights (D:14)
  19 anacondas
  46 two-headed ogres
  3 satyrs
  6 merfolk aquamancers
  5 tengu warriors
  3 death yaks (D:11)
  7 vampire magi
  10 deep troll shamans
  4 death scarabs (Zig:25)
  48 naga sharpshooters
  18 shock serpents
  10 thrashing horrors
  2 orc high priests
  10 spriggan berserkers
  A titan zombie (Depths:2)
  12 hell knights
  13 deep troll earth magi
  An iron golem (WizLab)
  3 soul eaters
  12 deep elf knights
  2 sun demons
  An iron troll (Depths:3)
  A fire crab (Zig:8)
  4 salamander mystics
  12 wretched stars
  4 sixfirhies
  11 sea snakes
  5 skeletal warriors
  5 shadow wraiths
  5 goliath frogs
  4 spriggan druids
  A spatial maelstrom (Zig:18)
  8 glowing orange brains
  2 sea snakes (shapeshifter)
  6 unseen horrors
  2 flayed ghosts
  A goliath frog (shapeshifter) (Depths:2)
  11 swamp dragons
  A swamp dragon (shapeshifter) (Depths:3)
  30 deep trolls
  11 naga ritualists
  4 death drakes (Zig:19)
  9 deep elf archers
  2 shadow demons
  A bog body (Zig:19)
  A gelid demonspawn (Depths:2)
  3 obsidian statues (Zig:13)
  6 phantasmal warriors
  A golden dragon skeleton (Depths:4)
  19 deep elf zephyrmancers
  29 orc knights
  2 necromancers
  7 wizards
  22 ironbrand convokers
  18 mana vipers
  40 harpies
  25 deep elf pyromancers
  A harpy (shapeshifter) (WizLab)
  A fire giant zombie (Zig:6)
  7 orb spiders
  A shadow dragon skeleton (Zig:25)
  13 salamanders
  17 wolf spiders
  8 cyclopes
  A tengu skeleton (Depths:2)
  4 shining eyes
  A faun (Shoals:3)
  A shining eye (shapeshifter) (Vaults:5)
  51 ugly things
  11 orc sorcerers
  22 manticores
  10 worldbinders
  A sphinx skeleton (Depths:2)
  5 moths of wrath
  A stone giant skeleton (Abyss:2)
  A frost giant skeleton (Zig:10)
  3 black mambas (shapeshifter)
  A salamander (shapeshifter) (WizLab)
  3 will-o-the-wisps
  77 black mambas
  9 merfolk sirens
  2 guardian serpents (shapeshifter)
  11 elephants
  A rust devil (Depths:4)
  A molten gargoyle (Desolation)
  37 naga magi
  16 vault sentinels
  2 eyes of devastation (Zig:17)
  6 orange demons
  10 water nymphs
  Joseph (D:7)
  20 cane toads
  15 smoke demons
  4 apocalypse crabs
  An ice statue (Zig:13)
  A torpor snail (shapeshifter) (Zig:15)
  28 guardian serpents
  A cane toad (shapeshifter) (Depths:5)
  6 torpor snails
  A gargoyle (D:15)
  11 freezing wraiths
  7 rime drakes
  59 yaktaurs
  3 ice devils
  3 kobold demonologists
  Psyche (D:11)
  7 komodo dragons
  14 demonic crawlers
  3 efreet
  2 komodo dragons (shapeshifter)
  A hellwing (Abyss:3)
  14 guardian mummies
  6 red devils
  13 ancient zymes
  5 tengu conjurers
  A merfolk (shapeshifter) (Depths:2)
  6 wind drakes
  13 polar bears
  12 trolls
  A hornet (shapeshifter) (WizLab)
  30 merfolk
  A tyrant leech (Zig:19)
  4 jumping spiders (shapeshifter)
  2 bloated husks
  A tengu simulacrum (Zig:25)
  2 queen bees (shapeshifter) (WizLab)
  13 jumping spiders
  2 wind drakes (shapeshifter)
  75 slime creatures
  45 saltlings (Desolation)
  A blink frog (shapeshifter) (WizLab)
  A wolf spider simulacrum (Abyss:3)
  22 raiju
  2 polar bears (shapeshifter)
  34 hornets
  2 meliai zombies
  A fire giant simulacrum (Vaults:3)
  20 blink frogs
  10 snapping turtles
  12 dream sheep
  16 water elementals
  7 flying skulls
  2 tarantellas (shapeshifter)
  2 spriggans (shapeshifter)
  10 tarantellas
  3 vampires
  22 redbacks
  2 redbacks (shapeshifter)
  2 air elementals (Elf:2)
  9 ynoxinuls
  24 starcursed masses
  A shadow (Zig:6)
  8 wraiths
  12 wyverns
  A basilisk (shapeshifter) (WizLab)
  46 large abominations
  35 yaks
  9 ushabtiu
  10 neqoxecs
  3 fire bats (Abyss:3)
  9 fire elementals
  4 hogs (shapeshifter)
  Grum (D:9)
  A human (shapeshifter) (WizLab)
  3 golden eyes
  A golden eye (shapeshifter) (WizLab)
  5 basilisks
  4 vampire mosquitoes
  4 elf zombies (Zig:25)
  4 spriggans
  2 swamp worms (shapeshifter)
  2 soldier ants
  63 nagas
  31 wargs
  29 water moccasins
  11 chaos spawn
  21 hell hounds
  2 acid dragons
  6 floating eyes
  A swamp drake (Zig:19)
  13 black bears
  2 eyes of draining (shapeshifter)
  An ettin simulacrum (Vaults:1)
  54 orc warriors
  3 sky beasts
  2 black bears (shapeshifter)
  13 boggarts
  3 ice beasts
  11 eyes of draining
  2 necrophages
  A wolf (shapeshifter) (WizLab)
  62 wolves
  A tengu (shapeshifter) (Vaults:5)
  21 centaurs
  49 ogres
  2 phantoms
  Blork the orc (D:4)
  4 big kobolds
  26 small abominations
  16 bullfrogs
  An earth elemental (Elf:1)
  5 scorpions
  A hornet simulacrum (Vaults:1)
  9 killer bees
  19 wights
  3 electric eels (Lair:3)
  A howler monkey (D:6)
  A bullfrog zombie (D:13)
  3 quasits
  23 orc priests
  8 hounds
  6 jellies
  4 bullfrog skeletons
  5 centaur skeletons
  3 iguanas
  2 iron imps
  29 orc wizards
  A worker ant (shapeshifter) (Depths:2)
  9 worker ants
  7 hell rats
  A killer bee zombie (D:8)
  2 hound zombies
  2 hound skeletons
  27 mummies
  2 worker ant zombies
  5 gnolls
  4 river rats (Lair:5)
  14 adders
  5 shadow imps
  A white imp (D:9)
  6 ufetubi
  An ooze (D:2)
  2 adder zombies (D:9)
  An adder skeleton (D:6)
  6 worms
  A dart slug (D:2)
  4 leopard geckos
  114 orcs
  2 ball pythons
  A ball python (shapeshifter) (Depths:1)
  3 giant cockroaches
  13 goblins
  4 hobgoblins
  15 jackals
  11 quokkas
  7 bats
  9 frilled lizards
  18 kobolds
  A leopard gecko skeleton (D:5)
  13 rats
  A bush (Depths:1)
  3 lurking horrors
  8 starspawn tentacles
  A tentacle (Shoals:2)
3494 creatures vanquished.

Vanquished Creatures (others)
  A draconian monk (Zig:22)
  A fire giant (Vaults:5)
  An emperor scorpion (Zig:21)
  A very ugly thing (Depths:4)
  A green death (Zig:19)
  A ghost crab (Zig:21)
  A peacekeeper (Desolation)
  20 dancing weapons
  A swamp dragon (Zig:19)
  2 deep elf zephyrmancers (Elf:1)
  A guardian serpent (Zig:21)
  A bloated husk (Zig:19)
  2 water elementals
  A fire bat (Zig:18)
  2 small abominations
  An orc priest (Depths:5)
  An orc (Depths:5)
  2 foxfires (Zig:16)
  65 fungi
  A lurking horror (Abyss:3)
  246 plants
  36 starspawn tentacles
  23 tentacles (Shoals:2)
  2 withered plants (Shoals:2)
414 creatures vanquished.

Grand Total: 3908 creatures vanquished

Notes
Turn   | Place    | Note
-------+----------+-------------------------------------------
     0 | D:1      | gimp the Octopode Earth Elementalist began the quest for
                  | the Orb.
     0 | D:1      | Reached XP level 1. HP: 11/11 MP: 3/3
   156 | D:1      | Reached XP level 2. HP: 14/18 MP: 1/5
   415 | D:1      | Reached skill level 1 in Fighting
   489 | D:1      | Reached XP level 3. HP: 16/23 MP: 2/6
   497 | D:1      | Learned a level 3 spell: Stone Arrow
  1538 | D:2      | Reached skill level 1 in Conjurations
  1771 | D:2      | Reached XP level 4. HP: 28/28 MP: 2/7
  2310 | D:2      | Noticed an ogre
  2318 | D:2      | Killed an ogre
  2319 | D:2      | Reached XP level 5. HP: 33/33 MP: 2/8
  2511 | D:3      | Reached skill level 5 in Earth Magic
  2786 | D:3      | Learned a level 4 spell: Petrify
  2797 | D:3      | Reached XP level 6. HP: 33/38 MP: 5/10
  3084 | D:3      | Found a shimmering altar of Xom.
  3519 | D:4      | Noticed Blork the orc
  3530 | D:4      | Killed Blork the orc
  3736 | D:4      | Reached skill level 3 in Spellcasting
  3892 | D:4      | Found a blossoming altar of Fedhas.
  3907 | D:4      | Found a stormy altar of Qazlal.
  3976 | D:4      | Reached XP level 7. HP: 43/43 MP: 11/11
  4054 | D:4      | Got a faintly glowing brass amulet
  4091 | D:4      | Identified the amulet of Burhov {Spirit rElec Int+2} (You
                  | found it on level 4 of the Dungeon)
  4639 | D:5      | Entered Level 5 of the Dungeon
  4959 | D:5      | Found a staircase to the Ecumenical Temple.
  5105 | Temple   | Entered the Ecumenical Temple
  5219 | Temple   | Became a worshipper of Gozag Ym Sagoz the Greedy
  5452 | D:5      | Reached skill level 5 in Conjurations
  5873 | D:5      | Found a sacrificial altar of Ru.
  5964 | D:5      | Reached XP level 8. HP: 48/48 MP: 13/13
  6344 | D:6      | Reached skill level 4 in Spellcasting
  6692 | D:6      | Found Meoloch's Antique Weapon Shoppe.
  6707 | D:6      | Bought a runed dagger for 120 gold pieces
  7331 | D:6      | Found a sparkling altar of Nemelex Xobeh.
  7405 | D:6      | Found an ornate altar of the Wu Jian Council.
  7620 | D:7      | Reached skill level 1 in Short Blades
  7776 | D:7      | Found a hide-covered altar of Uskayaw.
  8161 | D:7      | Noticed a troll
  8236 | D:7      | Noticed a wyvern
  8244 | D:7      | Killed a wyvern
  8245 | D:7      | Reached XP level 9. HP: 52/53 MP: 14/16
  8303 | D:7      | Killed a troll
  8304 | D:7      | Reached skill level 5 in Spellcasting
  8989 | D:7      | Noticed Joseph
  8997 | D:7      | HP: 1/53 [Joseph/sling bullet (9)]
  9550 | D:7      | Killed Joseph
 10586 | D:8      | Found an iron altar of Okawaru.
 10587 | D:8      | Found a bloodstained altar of Trog.
 10705 | D:8      | Found a basalt altar of Yredelemnul.
 11073 | D:9      | Reached XP level 10. HP: 51/58 MP: 5/18
 11196 | D:9      | Noticed a lindwurm
 11229 | D:9      | Reached skill level 6 in Spellcasting
 11357 | D:9      | Reached skill level 10 in Earth Magic
 11644 | D:9      | Reached skill level 5 in Transmutations
 11712 | D:9      | Noticed Grum
 11720 | D:9      | Reached skill level 5 in Short Blades
 11722 | D:9      | Killed Grum
 12886 | D:9      | Found the +7 Kryia's mail coat {PotionHeal*2 rC+}
 12886 | D:9      | Noticed a lindwurm
 12900 | D:9      | Noticed a lindwurm
 13012 | D:10     | Entered Level 10 of the Dungeon
 13164 | D:10     | Reached XP level 11. HP: 63/63 MP: 20/20
 13846 | D:10     | Found an ancient bone altar of Kikubaaqudgha.
 14189 | D:10     | Found Vuyneneuce's Distillery.
 14201 | D:10     | Bought a potion of haste for 160 gold pieces
 14201 | D:10     | Bought a potion of haste for 160 gold pieces
 14201 | D:10     | Bought a potion of curing for 48 gold pieces
 14201 | D:10     | Bought a potion of heal wounds for 80 gold pieces
 14201 | D:10     | Bought a potion of curing for 48 gold pieces
 14201 | D:10     | Bought a potion of lignification for 48 gold pieces
 14201 | D:10     | Bought a potion of flight for 48 gold pieces
 14210 | D:10     | Bought 2 potions of cancellation for 256 gold pieces
 14470 | D:10     | HP: 1/63 [something (11)]
 14487 | D:10     | Killed an unseen horror
 14979 | D:11     | Noticed a death yak
 14980 | D:11     | Noticed a two-headed ogre
 14992 | D:11     | Noticed a death yak
 14993 | D:11     | Killed a death yak
 15000 | D:11     | Noticed a death yak
 15291 | D:11     | Noticed Psyche
 15293 | D:11     | Killed Psyche
 15383 | D:11     | Killed a two-headed ogre
 15437 | D:11     | Found a staircase to the Lair.
 15586 | D:11     | Killed a death yak
 15726 | D:11     | Killed a death yak
 15928 | D:11     | Found a staircase to the Orcish Mines.
 16536 | Lair:1   | Entered Level 1 of the Lair of Beasts
 16607 | Lair:1   | Reached XP level 12. HP: 43/68 MP: 2/21
 16610 | Lair:1   | Noticed a seven-headed hydra
 16649 | Lair:1   | Reached skill level 5 in Stealth
 17044 | Lair:1   | Noticed a four-headed hydra
 17059 | Lair:1   | Killed a four-headed hydra
 17184 | Lair:1   | Killed a seven-headed hydra
 17185 | Lair:1   | Reached skill level 7 in Spellcasting
 17204 | Lair:1   | Noticed a six-headed hydra
 17218 | Lair:1   | Killed a six-headed hydra
 17288 | Lair:1   | Noticed a six-headed hydra
 17299 | Lair:1   | Killed a six-headed hydra
 17423 | Lair:1   | Learned a level 2 spell: Blink
 17429 | Lair:1   | Learned a level 5 spell: Lee's Rapid Deconstruction
 17433 | Lair:1   | Learned a level 3 spell: Mephitic Cloud
 17436 | Lair:1   | Learned a level 2 spell: Passwall
 18622 | Lair:2   | Noticed a six-headed hydra
 18652 | Lair:2   | Killed a six-headed hydra
 19130 | Lair:2   | Reached XP level 13. HP: 72/72 MP: 24/24
 19135 | Lair:2   | Reached skill level 10 in Short Blades
 19135 | Lair:2   | Reached skill level 8 in Spellcasting
 19136 | Lair:2   | Reached skill level 10 in Transmutations
 19267 | Lair:2   | Found a sparkling altar of Nemelex Xobeh.
 19311 | Lair:2   | Noticed Harold
 19316 | Lair:2   | Killed Harold
 19598 | Lair:2   | Found a staircase to the Shoals.
 21611 | Lair:4   | Reached skill level 10 in Stealth
 22114 | Lair:4   | Reached skill level 9 in Spellcasting
 22731 | Lair:4   | Found a staircase to the Snake Pit.
 23338 | Lair:5   | Reached skill level 5 in Fighting
 24578 | Lair:5   | Reached XP level 14. HP: 88/88 MP: 27/27
 24578 | Lair:5   | Found a staircase to the Slime Pits.
 24714 | Lair:5   | You fall into a shaft and drop 1 floor!
 24714 | Lair:6   | Entered Level 6 of the Lair of Beasts
 24964 | Lair:6   | Reached skill level 10 in Spellcasting
 26018 | Lair:5   | Found a white marble altar of Elyvilon.
 27950 | Lair:6   | Reached skill level 11 in Spellcasting
 28294 | Lair:6   | Reached skill level 10 in Conjurations
 29712 | Lair:6   | Reached skill level 12 in Spellcasting
 30047 | Lair:6   | Identified the Incunabulum of the Mutagenic Compass
 30564 | Lair:6   | Learned a level 6 spell: Hydra Form
 31088 | D:11     | Noticed Fannar
 31095 | D:11     | Killed Fannar
 31802 | Orc:1    | Entered Level 1 of the Orcish Mines
 31823 | Orc:1    | Found a roughly hewn altar of Beogh.
 32269 | Orc:1    | Reached XP level 15. HP: 92/92 MP: 18/31
 32457 | Orc:2    | Entered Level 2 of the Orcish Mines
 32873 | Orc:2    | Noticed Snorg
 33188 | Orc:2    | Found a roughly hewn altar of Beogh.
 33359 | Orc:2    | Killed Snorg
 33503 | Orc:2    | Found Nipo Eje's Antique Weapon Boutique.
 33503 | Orc:2    | Found Onejokust's Weapon Shoppe.
 33512 | Orc:2    | Reached skill level 5 in Dodging
 33768 | Orc:2    | Reached skill level 13 in Spellcasting
 33768 | Orc:2    | Reached skill level 1 in Translocations
 34775 | Orc:2    | Found Yruciske's General Store.
 34775 | Orc:2    | Found Jodael's Distillery.
 34828 | Orc:2    | Bought a potion of brilliance for 56 gold pieces
 34828 | Orc:2    | Bought a potion of resistance for 140 gold pieces
 34828 | Orc:2    | Bought a potion of ambrosia for 112 gold pieces
 34828 | Orc:2    | Bought a potion of heal wounds for 70 gold pieces
 34828 | Orc:2    | Bought a potion of curing for 42 gold pieces
 34828 | Orc:2    | Bought a potion of curing for 42 gold pieces
 34828 | Orc:2    | Bought a potion of curing for 42 gold pieces
 34945 | Orc:2    | Found a staircase to the Elven Halls.
 35499 | D:12     | Noticed Azrael
 35502 | D:12     | Killed Azrael
 35624 | D:12     | Identified the ring "Qonkoghe" {+Inv EV+4}
 35627 | D:12     | Identified the ring of Fedhas's Pride {+Fly Will+}
 35630 | D:12     | Identified the ring of the Pharaoh's Fist {rPois rC+ Str+6
                  | Dex+6}
 36074 | D:12     | Reached skill level 1 in Shields
 36630 | D:12     | Got a faintly glowing granite ring
 36708 | D:12     | Identified the ring of Tocioxy {rPois rC+ Will+ MP-9} (You
                  | found it on level 12 of the Dungeon)
 38580 | D:14     | Found a gate to the Vaults.
 38747 | D:14     | Reached XP level 16. HP: 92/98 MP: 3/33
 39308 | D:14     | Reached skill level 14 in Spellcasting
 41394 | D:14     | Found a portal to a secret trove of treasure.
 41749 | D:15     | Entered Level 15 of the Dungeon
 42946 | D:15     | Found a staircase to the Depths.
 43160 | D:15     | Found a runed translucent door.
 44018 | Shoals:1 | Entered Level 1 of the Shoals
 44202 | Shoals:1 | Reached skill level 10 in Dodging
 44477 | Shoals:1 | Reached skill level 15 in Spellcasting
 46018 | Shoals:2 | Learned a level 5 spell: Borgnjor's Vile Clutch
 46079 | Shoals:2 | Found a runed translucent door.
 46079 | Shoals:2 | Noticed jasper's ghost (adept SpEn)
 46124 | Shoals:2 | Reached skill level 1 in Necromancy
 46941 | Shoals:2 | Reached XP level 17. HP: 103/103 MP: 28/36
 48003 | Shoals:2 | Noticed a kraken
 48337 | Shoals:2 | Killed a kraken
 48561 | Shoals:3 | Noticed Bai Suzhen
 48573 | Shoals:3 | Killed Bai Suzhen
 48762 | Shoals:3 | Reached skill level 5 in Shields
 48918 | Shoals:3 | Reached skill level 5 in Necromancy
 49332 | D:11     | Bought a manual of Dodging for 2208 gold pieces
 49336 | D:11     | Bought a scroll of acquirement for 1040 gold pieces
 49336 | D:11     | Bought a scroll of identify for 40 gold pieces
 49336 | D:11     | Bought a scroll of identify for 40 gold pieces
 49339 | D:11     | Acquired a +1 hat of willpower
 51114 | Shoals:4 | Entered Level 4 of the Shoals
 51847 | Shoals:4 | Noticed Mara
 51854 | Shoals:4 | Reached skill level 16 in Spellcasting
 52042 | Shoals:4 | Identified the amulet of Haysuch {Faith rPois rC++ Str-5
                  | Slay+2}
 52613 | Shoals:4 | Identified the ring "Wumpecs" {rElec rPois rF++ Int+2}
 53154 | Shoals:4 | Reached XP level 18. HP: 108/108 MP: 30/38
 53237 | Shoals:4 | Noticed gimp's illusion
 53613 | Shoals:4 | Noticed Ilsuiw
 54215 | Shoals:4 | Killed Mara
 55108 | Shoals:4 | Killed Ilsuiw
 55305 | Shoals:4 | Got a barnacled rune of Zot
 55451 | Shoals:4 | Identified the Handbook of Intoxication and Curses
 55782 | Vaults:1 | Entered Level 1 of the Vaults
 56175 | Vaults:1 | HP: 5/108 [tengu reaver/+2 great sword of protection (6)]
 56380 | Vaults:1 | Found a magical portal.
 56441 | WizLab   | Entered Cigotuvi's Fleshworks
 56647 | WizLab   | Reached skill level 10 in Shields
 56882 | WizLab   | Reached skill level 10 in Necromancy
 57200 | WizLab   | Paralysed by a floating eye for 4 turns
 57272 | WizLab   | Paralysed by a floating eye for 3 turns
 58003 | WizLab   | Noticed Cigotuvi's Monster
 58341 | WizLab   | Killed Cigotuvi's Monster
 58464 | WizLab   | Identified the Grimoire of Transmigration
 58466 | WizLab   | Identified Cigotuvi's Guide on Moulding and Black Magic
 58474 | WizLab   | Learned a level 5 spell: Irradiate
 58482 | WizLab   | Learned a level 7 spell: Dragon Form
 58497 | WizLab   | Learned a level 6 spell: Statue Form
 58970 | WizLab   | Got a scorched platinum ring
 59554 | Vaults:1 | Identified the ring of Past Mistakes {rN+ Int+6} (You found
                  | it in a wizard's laboratory)
 59711 | Vaults:1 | Found Qubot's General Store.
 59720 | Vaults:1 | Bought a scroll of identify for 36 gold pieces
 59720 | Vaults:1 | Bought 3 scrolls of magic mapping for 189 gold pieces
 59720 | Vaults:1 | Bought a scroll of fog for 36 gold pieces
 59720 | Vaults:1 | Bought a potion of cancellation for 144 gold pieces
 59720 | Vaults:1 | Bought a potion of heal wounds for 90 gold pieces
 59720 | Vaults:1 | Bought a scroll of enchant armour for 135 gold pieces
 59814 | Vaults:1 | Reached XP level 19. HP: 106/113 MP: 12/39
 60220 | Vaults:1 | HP: 5/166 [boulder beetle (8)]
 63357 | Vaults:1 | Reached skill level 1 in Unarmed Combat
 64627 | Vaults:2 | Noticed Margery
 64706 | Vaults:2 | Reached skill level 5 in Unarmed Combat
 65186 | Vaults:2 | Noticed Boris
 65698 | Vaults:2 | Killed Margery
 65699 | Vaults:2 | Reached XP level 20. HP: 75/119 MP: 2/40
 68809 | Vaults:3 | Identified the +7 arbalest "Sarcophage" {freeze, Fragile
                  | rF++ Will+}
 68907 | Vaults:3 | Reached skill level 10 in Unarmed Combat
 69383 | Vaults:3 | Found a staircase to the Crypt.
 69936 | Vaults:4 | Found a ruined gateway.
 70244 | Desolati | Entered the Desolation of Salt
 70353 | Desolati | Reached skill level 15 in Shields
 70569 | Desolati | Reached XP level 21. HP: 124/124 MP: 23/41
 71016 | Desolati | Got a pitted marble ring
 71017 | Desolati | Identified the ring of Doubts {+Fly rPois rC- SInv} (You
                  | found it in the Desolation of Salt)
 71089 | Desolati | Got a glittering brass amulet
 71090 | Desolati | Identified the amulet of Existentialism {Faith Dex+4} (You
                  | found it in the Desolation of Salt)
 71623 | Desolati | Reached skill level 15 in Transmutations
 72908 | Vaults:4 | Acquired the ring of Releco {rC+ Int+8}
 74171 | Elf:1    | Entered Level 1 of the Elven Halls
 74428 | Elf:1    | Found Vod Reont's General Store.
 74634 | Elf:1    | Bought a potion of ambrosia for 112 gold pieces
 74634 | Elf:1    | Bought a scroll of fog for 28 gold pieces
 74634 | Elf:1    | Bought a potion of cancellation for 112 gold pieces
 75040 | Elf:1    | Identified the amulet of the Rabble {Acrobat rPois}
 75080 | Elf:1    | Reached skill level 15 in Dodging
 75771 | D:11     | Bought a book of the Earth for 1300 gold pieces
 75772 | D:11     | Acquired the ring "Xegeur" {rF+ SInv Stlth+}
 76140 | Elf:2    | Noticed Asterion
 76446 | Elf:2    | Killed Asterion
 76709 | Elf:2    | Found a runed translucent gate.
 76709 | Elf:2    | Found a runed translucent gate.
 76710 | Elf:2    | Found a runed translucent gate.
 76712 | Elf:2    | Reached XP level 22. HP: 129/129 MP: 38/42
 76842 | Elf:2    | Found a runed translucent door.
 76941 | Elf:2    | Noticed Cuucabuana's ghost (veteran MiGl)
 77027 | Elf:3    | Entered Level 3 of the Elven Halls
 77466 | Elf:3    | Learned a level 5 spell: Bolt of Magma
 78058 | Elf:3    | Reached skill level 15 in Unarmed Combat
 78746 | Elf:3    | Identified the +2 leather armour of the Zebra {+Blink MP+9
                  | Slay+2}
 79471 | Elf:3    | Identified the ring "Ygobux" {MP+9 EV+4 Int+2}
 79474 | Elf:3    | Identified the ring of Annuqawi {+Inv rElec rC+}
 79654 | Elf:3    | Identified the +3 dagger "Jimum" {pain, rPois rN+ Stlth+}
 79974 | Elf:3    | Identified the Handbook of Aerial Cold
 79995 | Elf:3    | Identified the Disquisition on Dark Magic
 80042 | Elf:3    | Learned a level 5 spell: Fireball
 80074 | Elf:3    | Reached skill level 1 in Fire Magic
 80345 | Depths:1 | Entered Level 1 of the Depths
 80346 | Depths:1 | Found a runed translucent gate.
 80712 | Depths:1 | Found a runed translucent gate.
 80713 | Depths:1 | Found a runed translucent gate.
 81018 | Depths:1 | Found a gateway to Hell.
 82554 | Depths:2 | Reached skill level 5 in Fire Magic
 82629 | Depths:2 | Found a transporter.
 82716 | Depths:1 | Identified the +5 mace of Shrieking Terror {vorpal, rF- rC+
                  | Str+2 Dex+2}
 82716 | Depths:1 | Identified the ring of Lady Luck {Int+4 SInv}
 82735 | Depths:1 | Reached XP level 23. HP: 145/145 MP: 40/43
 83437 | Depths:2 | Found a corrupted altar of Lugonu.
 83997 | Depths:2 | Found a one-way gate leading to the halls of Pandemonium.
 85243 | Depths:3 | Reached skill level 10 in Fire Magic
 86702 | Depths:3 | Noticed an ancient lich
 86744 | Depths:3 | Killed an ancient lich
 87148 | Depths:3 | Reached skill level 17 in Spellcasting
 87391 | Depths:3 | Identified the Compendium of the Destructive Glacier
 88128 | Depths:3 | Reached XP level 24. HP: 152/152 MP: 25/44
 89495 | Depths:4 | Found a gateway to a ziggurat.
 89787 | Depths:4 | Noticed a caustic shrike
 89821 | Depths:4 | Killed a caustic shrike
 89969 | Depths:4 | Found a one-way gate to the infinite horrors of the Abyss.
 90062 | Depths:4 | Identified the ring "Lypatoel" {rPois Str+6} (You found it
                  | on level 4 of the Depths)
 90886 | Depths:4 | Found a hide-covered altar of Uskayaw.
 91173 | Depths:5 | Entered Level 5 of the Depths
 91284 | Depths:5 | Noticed Jory
 91439 | Depths:4 | Learned a level 8 spell: Ignition
 91719 | Depths:5 | Identified the ring of Vanity {+Inv Will++ EV+4 Dex-3} (You
                  | found it on level 5 of the Depths)
 91846 | Depths:5 | Reached skill level 15 in Fire Magic
 92028 | Depths:5 | Found a radiant altar of Vehumet.
 92048 | Depths:5 | Found a transporter.
 92060 | Depths:5 | Reached skill level 18 in Spellcasting
 92070 | Depths:5 | Identified the cursed ring "Omuleg" {rElec EV-4} (You found
                  | it on level 5 of the Depths)
 92216 | Depths:5 | Killed Jory
 92263 | Depths:5 | Noticed Saint Roka
 92356 | Depths:5 | Killed Saint Roka
 92463 | Depths:5 | Noticed a juggernaut
 92483 | Depths:5 | Reached XP level 25. HP: 157/157 MP: 30/45
 92663 | Depths:5 | Killed a juggernaut
 93125 | Depths:5 | Found a sacrificial altar of Ru.
 93130 | Depths:5 | Found a transporter.
 93169 | Depths:5 | Identified the ring of Komerch {rC+ Str+3} (You found it on
                  | level 5 of the Depths)
 93576 | Depths:5 | Found a gate to the Realm of Zot.
 94142 | Depths:5 | Noticed a juggernaut
 94151 | Depths:5 | Killed a juggernaut
 94664 | Vaults:5 | Entered Level 5 of the Vaults
 94854 | Vaults:5 | Identified the +2 shortbow of Battle {freeze, rPois Str+3}
 94880 | Vaults:5 | Noticed an ancient lich
 95212 | Vaults:5 | Identified the cursed +1 demon whip of None {flame, +Blink
                  | Str-2 Int+2 Dex+4}
 95216 | Vaults:5 | Reached skill level 19 in Spellcasting
 95232 | Vaults:5 | Identified the +6 broad axe of the Eternal Warrior {drain,
                  | rN++}
 95258 | Vaults:5 | Identified the +9 hand crossbow of Sudden Death {flame,
                  | rElec rC+}
 95518 | Vaults:5 | Noticed a dread lich
 95524 | Vaults:5 | Killed a dread lich
 95534 | Vaults:5 | Reached XP level 26. HP: 162/162 MP: 43/46
 95563 | Vaults:5 | Noticed an ancient lich
 95579 | Vaults:5 | Killed an ancient lich
 95778 | Vaults:5 | Got a silver rune of Zot
 96027 | Vaults:5 | Reached skill level 20 in Spellcasting
 96037 | Vaults:5 | Identified the cursed ring of Futtoel {rC+ Int-4}
 96213 | Vaults:5 | Killed an ancient lich
 97018 | Vaults:5 | Reached skill level 21 in Spellcasting
 97170 | Vaults:5 | Identified the cursed +1 long sword of the Shouting
                  | Scavenger {freeze, rPois Will+ Int+3}
 97469 | Vaults:5 | Learned a level 9 spell: Shatter
 97790 | Vaults:5 | Identified the cursed +0 robe "Zixiwiwnua" {-Tele rElec
                  | rC++ Str-5 Dex+8}
 98317 | Slime:1  | Entered Level 1 of the Pits of Slime
 98461 | D:11     | Bought a book of Party Tricks for 1000 gold pieces
 98464 | D:11     | Learned a level 1 spell: Apportation
 99468 | D:14     | You paid a toll of a +4 demon blade to enter a treasure
                  | trove
 99469 | Trove    | Entered a treasure trove
 99478 | Trove    | Got a smoking platinum ring
 99480 | Trove    | Got a flickering platinum ring
 99489 | Trove    | Got a twitching silver ring
 99493 | Trove    | Got a shimmering steel ring
 99495 | Trove    | Got a coiled golden ring
 99508 | D:14     | Identified the ring of Free Expression {rElec rC+ MP+9
                  | Dex+2 SInv} (You found it in a treasure trove)
 99512 | D:14     | Identified the ring of the Castellan {rN+ Will+} (You found
                  | it in a treasure trove)
 99539 | D:14     | Identified the ring of Megalomania {+Fly Str+4 Slay+3} (You
                  | found it in a treasure trove)
 99541 | D:14     | Identified the ring "Itirpheri" {rPois Will+ Str+2} (You
                  | found it in a treasure trove)
 99544 | D:14     | Identified the ring "Caogut" {Str+2 Int+2 SInv} (You found
                  | it in a treasure trove)
100042 | Slime:5  | Entered Level 5 of the Pits of Slime
100292 | Slime:5  | Found a viscous altar of Jiyva.
100307 | Slime:5  | Gained mutation: Your system is resistant to poisons.
                  | (rPois) [a shining eye]
100308 | Slime:5  | Noticed the Royal Jelly
100314 | Slime:5  | Reached skill level 10 in Fighting
100320 | Slime:5  | Killed the Royal Jelly
100321 | Slime:5  | Reached XP level 27. HP: 43/172 MP: 28/48
101215 | Slime:5  | Found the +10 dark maul {vorpal}
101217 | Slime:5  | Found the +7 Singing Sword {vorpal, sonic wave}
101217 | Slime:5  | Identified the Handbook of Supportive Venom
101225 | Slime:5  | Got a slimy rune of Zot
101241 | Slime:5  | Found the brooch of Shielding {Spirit SH+8}
101285 | Slime:5  | Got a warped silver ring
101286 | Slime:5  | Identified the ring of Xom's Reproof {*Slow rF+ Str+9 Int-4
                  | Stlth+} (You found it on level 5 of the Pits of Slime)
101400 | Snake:1  | Entered Level 1 of the Snake Pit
103797 | Snake:2  | Noticed Aizul
103801 | Snake:2  | Killed Aizul
103914 | Snake:2  | Found a shimmering altar of Xom.
104066 | Snake:2  | Found Umeneaca's Book Shoppe.
104066 | Snake:2  | Found Lumaff's Jewellery Boutique.
104067 | Snake:2  | Found Xexkoa's Book Shoppe.
104073 | Snake:2  | Bought a book of Annihilations for 1987 gold pieces
104075 | Snake:2  | Bought the ring of Guifuuzo {Ice Will++ Dex+3} for 840 gold
                  | pieces
105085 | Snake:3  | Noticed Roxanne
105090 | Snake:3  | Killed Roxanne
105340 | Snake:3  | Noticed Vashnia
105347 | Snake:3  | Noticed Nikola
105349 | Snake:3  | Killed Vashnia
105355 | Snake:3  | Killed Nikola
105601 | Snake:3  | Found a runed translucent door.
105601 | Snake:3  | Found a shimmering altar of Xom.
105601 | Snake:3  | Identified the +3 broad axe of Guilt {chaos, Int+4}
105602 | Snake:3  | Noticed Tarl's ghost (adept FoFi)
105696 | Snake:3  | Noticed Louise
105702 | Snake:3  | Killed Louise
106546 | Snake:3  | Killed Tarl's ghost
106695 | Snake:4  | Entered Level 4 of the Snake Pit
106924 | Snake:4  | Reached skill level 22 in Spellcasting
107577 | Snake:4  | Got a serpentine rune of Zot
107822 | Snake:4  | Found Faoxidgh's Antique Weapon Shoppe.
109136 | Shoals:2 | Killed jasper's ghost
109388 | Elf:2    | Killed Cuucabuana's ghost
109912 | Depths:2 | Found a transporter.
109914 | Depths:2 | Reached skill level 15 in Earth Magic
110082 | Depths:2 | Got a sparkling silver amulet
110083 | Depths:2 | Identified the amulet "Luqueck" {Acrobat *Drain rElec Will+
                  | Int+6} (You found it on level 2 of the Depths)
110583 | Depths:4 | Voluntarily entered the Abyss.
110583 | Abyss:1  | Found a corrupted altar of Lugonu.
110701 | Abyss:2  | Found a corrupted altar of Lugonu.
110720 | Abyss:2  | Found a broken altar of Ashenzari.
110781 | Abyss:3  | Found a corrupted altar of Lugonu.
110804 | Abyss:3  | Found a corrupted altar of Lugonu.
111355 | Abyss:3  | Found a corrupted altar of Lugonu.
111534 | Abyss:3  | Found a corrupted altar of Lugonu.
111576 | Depths:4 | Escaped the Abyss
111832 | Depths:4 | Voluntarily entered the Abyss.
111920 | Abyss:2  | Gained mutation: Your body sometimes deteriorates upon
                  | taking damage. [a neqoxec]
112792 | Abyss:2  | Learned a level 6 spell: Iron Shot
113078 | Abyss:3  | Gained mutation: You are frail. (-10% HP) [a neqoxec]
113522 | Depths:4 | Escaped the Abyss
113860 | Depths:4 | Voluntarily entered the Abyss.
114023 | Depths:4 | Escaped the Abyss
114330 | Depths:4 | Voluntarily entered the Abyss.
114330 | Abyss:1  | Found a corrupted altar of Lugonu.
114606 | Abyss:1  | Reached skill level 15 in Fighting
114606 | Abyss:1  | Reached skill level 23 in Spellcasting
115487 | Abyss:3  | Got an abyssal rune of Zot
115492 | Depths:4 | Escaped the Abyss
115847 | Depths:4 | Lost mutation: You are frail. (-10% HP) [potion of
                  | mutation]
115847 | Depths:4 | Lost mutation: Your system is resistant to poisons. (rPois)
                  | [potion of mutation]
115847 | Depths:4 | Lost mutation: Your body sometimes deteriorates upon taking
                  | damage. [potion of mutation]
115847 | Depths:4 | Gained mutation: Your spells are a little harder to cast,
                  | but a little more powerful. [potion of mutation]
115847 | Depths:4 | Gained mutation: You possess an exceptional clarity of
                  | mind. [potion of mutation]
115847 | Depths:4 | Gained mutation: Your flesh is cold resistant. (rC+)
                  | [potion of mutation]
115895 | Zig:1    | Entered Level 1 of a ziggurat
115933 | Zig:2    | Entered Level 2 of a ziggurat
115996 | Zig:3    | Entered Level 3 of a ziggurat
116011 | Zig:3    | Got a crude wooden ring
116018 | Zig:3    | Identified the ring "Voystraet" {rPois rC++ MP+9} (You
                  | found it on level 3 of a ziggurat)
116085 | Zig:4    | Entered Level 4 of a ziggurat
116088 | Zig:4    | Noticed Wiokawyst the pandemonium lord
116098 | Zig:4    | Killed Wiokawyst the pandemonium lord
116256 | Zig:5    | Entered Level 5 of a ziggurat
116260 | Zig:5    | Noticed a juggernaut
116267 | Zig:5    | Killed a juggernaut
116387 | Zig:6    | Entered Level 6 of a ziggurat
116507 | Zig:7    | Entered Level 7 of a ziggurat
116513 | Zig:7    | Noticed a juggernaut
116514 | Zig:7    | Noticed a juggernaut
116515 | Zig:7    | Killed a juggernaut
116518 | Zig:7    | Killed a juggernaut
116566 | Zig:8    | Entered Level 8 of a ziggurat
116573 | Zig:8    | Noticed an orb of fire
116575 | Zig:8    | Gained mutation: You occasionally shout uncontrollably at
                  | your foes. [an orb of fire]
116577 | Zig:8    | Gained mutation: You are weak. (Str -2) [an orb of fire]
116580 | Zig:8    | Killed an orb of fire
116589 | Zig:8    | Found the +6 lightning scales {run, rElec}
116680 | Zig:9    | Entered Level 9 of a ziggurat
116691 | Zig:9    | Reached skill level 24 in Spellcasting
116870 | Zig:10   | Entered Level 10 of a ziggurat
116877 | Zig:10   | Noticed a royal mummy
116878 | Zig:10   | Noticed a royal mummy
116878 | Zig:10   | Noticed a royal mummy
116880 | Zig:10   | Killed a royal mummy
116880 | Zig:10   | Killed a royal mummy
116881 | Zig:10   | Killed a royal mummy
117045 | Zig:10   | Got a sparkling tin ring
117046 | Zig:10   | Identified the ring "Tuulimp" {rF+ Str+6} (You found it on
                  | level 10 of a ziggurat)
117074 | Zig:11   | Entered Level 11 of a ziggurat
117129 | Zig:11   | Identified the Guide on the Damaging Snowflakes
117142 | Zig:12   | Entered Level 12 of a ziggurat
117304 | Zig:12   | Found the +9 staff of Wucad Mu {*channel}
117339 | Zig:13   | Entered Level 13 of a ziggurat
117355 | Zig:13   | Reached skill level 25 in Spellcasting
117578 | Zig:13   | Got a fine marble ring
117586 | Zig:13   | Identified the ring "Gerorphi" {Wiz +Blink} (You found it
                  | on level 13 of a ziggurat)
117658 | Zig:14   | Entered Level 14 of a ziggurat
117848 | Zig:14   | Got a warped turquoise ring
117894 | Zig:14   | Identified the ring of Xocew {*Tele +Inv rF+ Dex+4} (You
                  | found it on level 14 of a ziggurat)
117899 | Zig:15   | Entered Level 15 of a ziggurat
117906 | Zig:15   | Noticed Hovull the pandemonium lord
117907 | Zig:15   | Noticed Qoatics the pandemonium lord
117910 | Zig:15   | Noticed Qeidymn the pandemonium lord
117926 | Zig:15   | Killed Hovull the pandemonium lord
117937 | Zig:15   | Killed Qeidymn the pandemonium lord
117941 | Zig:15   | Killed Qoatics the pandemonium lord
118190 | Zig:16   | Entered Level 16 of a ziggurat
118209 | Zig:16   | Reached skill level 26 in Spellcasting
118259 | Zig:16   | Reached skill level 1 in Ice Magic
118343 | Zig:16   | Got a brightly glowing wooden ring
118346 | Zig:16   | Identified the ring "Sopudeq" {Fire Dex+3} (You found it on
                  | level 16 of a ziggurat)
118409 | Zig:16   | Learned a level 9 spell: Absolute Zero
118410 | Zig:17   | Entered Level 17 of a ziggurat
118434 | Zig:17   | Found the +1 cloak of Starlight {*Dazzle EV+4 Stlth--}
118437 | Zig:17   | Found the amulet of Vitality {Regen+ HP+15}
118597 | Zig:17   | Got a faintly glowing lead ring
118606 | Zig:17   | Reached skill level 5 in Ice Magic
118608 | Zig:17   | Identified the ring of Vaes Tud {+Fly rElec rC+ rN+} (You
                  | found it on level 17 of a ziggurat)
118686 | Zig:18   | Entered Level 18 of a ziggurat
118720 | Zig:18   | Found the +8 Wrath of Trog {antimagic, *Rage}
118967 | Zig:19   | Entered Level 19 of a ziggurat
119001 | Zig:19   | Found the +8 orange crystal plate armour {Archmagi, Int+3
                  | Clar}
119004 | Zig:19   | Found the +8 frozen axe "Frostbite" {freezing cloud, *Noise
                  | +Fly rC+}
119368 | Zig:20   | Entered Level 20 of a ziggurat
119406 | Zig:20   | Reached skill level 10 in Ice Magic
119622 | Zig:20   | Got a translucent bronze ring
119634 | Zig:20   | Got a fine platinum ring
119640 | Zig:20   | Identified the ring of Neurosis {+Fly rC- MP+9 Str+5 Int+6}
                  | (You found it on level 20 of a ziggurat)
119642 | Zig:20   | Identified the ring "Vaevon" {Will+ MP-9 Str+2 Dex+4 SInv}
                  | (You found it on level 20 of a ziggurat)
119646 | Zig:20   | Got a heavily runed golden ring
119647 | Zig:20   | Identified the ring "Uzej" {rPois Int-3 Dex+2 SInv} (You
                  | found it on level 20 of a ziggurat)
119762 | Zig:21   | Entered Level 21 of a ziggurat
119777 | Zig:21   | Reached skill level 27 in Spellcasting
120166 | Zig:21   | Got a steaming marble ring
120167 | Zig:21   | Identified the Compendium of Flying Transmigration
120172 | Zig:21   | Identified the ring "Muqyor" {rPois Will+ Str+3 Dex+4} (You
                  | found it on level 21 of a ziggurat)
120186 | Zig:21   | Identified Osuny's Guide on Twisted Dislocation
120193 | Zig:21   | Got a crude wooden ring
120194 | Zig:21   | Identified the ring "Iblies" {rElec rPois rF++ Will+} (You
                  | found it on level 21 of a ziggurat)
120204 | Zig:21   | Got a wavering pewter ring
120205 | Zig:21   | Identified the ring "Zibbary" {rCorr Slay+2} (You found it
                  | on level 21 of a ziggurat)
120316 | Zig:22   | Entered Level 22 of a ziggurat
120707 | Zig:22   | Found the +10 morningstar "Eos" {elec, Halo rElec}
120746 | Zig:22   | Identified the Papyrus of Darkness and Transformation
120810 | Zig:23   | Entered Level 23 of a ziggurat
121042 | Zig:23   | Got a faintly glowing marble ring
121053 | Zig:23   | Identified the cursed ring of the Shining Light {+Inv Str-4
                  | Int-3 Dex+4 Slay+3} (You found it on level 23 of a
                  | ziggurat)
121226 | Zig:24   | Entered Level 24 of a ziggurat
121253 | Zig:24   | Reached skill level 15 in Ice Magic
121304 | Zig:24   | Got a translucent tin ring
121305 | Zig:24   | Identified the ring "Jocrinux" {rC- rN+ Will+ Stlth+} (You
                  | found it on level 24 of a ziggurat)
121308 | Zig:24   | Got a wavering graven amulet
121309 | Zig:24   | Identified the amulet "Poibrerr" {Faith *Contam Int+5} (You
                  | found it on level 24 of a ziggurat)
121314 | Zig:24   | Identified the Guide on the Displaced Arsonist
121318 | Zig:24   | Got a smoking golden amulet
121319 | Zig:24   | Identified the amulet of Piempell {Faith rElec} (You found
                  | it on level 24 of a ziggurat)
121629 | Zig:25   | Entered Level 25 of a ziggurat
121644 | Zig:25   | Noticed a royal mummy
121646 | Zig:25   | Noticed a royal mummy
121649 | Zig:25   | Noticed a royal mummy
121650 | Zig:25   | Noticed a royal mummy
121651 | Zig:25   | Killed a royal mummy
121651 | Zig:25   | Killed a royal mummy
121651 | Zig:25   | Noticed a royal mummy
121652 | Zig:25   | Killed a royal mummy
121652 | Zig:25   | Noticed a royal mummy
121653 | Zig:25   | Noticed a royal mummy
121654 | Zig:25   | Killed a royal mummy
121655 | Zig:25   | Killed a royal mummy
121655 | Zig:25   | Killed a royal mummy
121655 | Zig:25   | Noticed a royal mummy
121657 | Zig:25   | Killed a royal mummy
121657 | Zig:25   | Noticed a royal mummy
121658 | Zig:25   | Noticed a royal mummy
121659 | Zig:25   | Noticed a royal mummy
121659 | Zig:25   | Noticed a royal mummy
121660 | Zig:25   | Noticed a royal mummy
121664 | Zig:25   | Killed a royal mummy
121667 | Zig:25   | Killed a royal mummy
121669 | Zig:25   | Noticed a royal mummy
121670 | Zig:25   | Killed a royal mummy
121670 | Zig:25   | Killed a royal mummy
121672 | Zig:25   | Killed a royal mummy
121672 | Zig:25   | Killed a royal mummy
121672 | Zig:25   | HP: 6/256 [something (16)]
121672 | Zig:25   | Killed by a mummy priest's death curse

Illustrated notes

Levels and vault maps discovered:
D:1:      minmay_arrival_floating_metal, layout_loops_ring, minmay_surrounded
D:2:      layout_basic
D:3:      layout_basic, old_standard_altar
D:4:      layout_basic, grunt_temple_overflow_forces_of_nature,
          uniq_blork_the_orc
D:5:      layout_loops_corners, nicolae_ru_path_of_blood,
          minmay_temple_entry_drinking_statues
D:6:      layout_layer_cave, kennysheep_little_box, serial_shops,
          shop_fountains, amcnicky_altar_gilded
D:7:      minmay_chambers_of_sixes, layout_loops_ring, lemuel_round_altar,
          uniq_joseph
D:8:      layout_gridville, yredelemnul_altar_generic,
          grunt_temple_overflow_bloody_war, nicolae_straight_to_the_point
D:9:      layout_basic, minmay_lindwurm_lava, uniq_grum
D:10:     layout_loops_corners, basic_altar, serial_shops, shop_coins
D:11:     layout_roguey, dpeg_lair_monsters, david_orc_3, serial_rivers,
          chequers_serial_rivers_micro_b, chequers_serial_rivers_small_b,
          chequers_serial_rivers_room_a, chequers_serial_rivers_room_a,
          chequers_serial_rivers_small_3, uniq_fannar, uniq_psyche
D:12:     minmay_the_grid_triangle_9x9_rhombus_thin
          [minmay_the_grid_triangle_9x9_zippers_horizontal,
          minmay_the_grid_triangle_9x9_prize_special,
          minmay_the_grid_triangle_9x9_zippers_vertical,
          minmay_the_grid_triangle_9x9_semitri], layout_cave_pools,
          amethyst_killhole, minmay_misc_feat_tower, uniq_azrael
D:13:     layout_layer_cave
D:14:     lemuel_castle_with_subvaults [lemuel_castle_interior_carwin_2],
          layout_stronghold, erik_vaults_1, nicolae_trove_entry_path_of_doom,
          nicolae_lava_and_water
D:15:     grunt_enter_depths_snipers, layout_long_grid, kennysheep_treasure_room
Temple:   dshaligram_water_room_temple
Lair:1:   layout_long_grid, grunt_forest_large_clearings
Lair:2:   layout_loops_ring, minmay_shoals_entry_lonely_mermaid, basic_altar,
          chequers_serial_rivers_marsh, chequers_serial_rivers_micro_c,
          grunt_megastairs_2, uniq_harold
Lair:3:   layout_hall_layers, lemuel_fruit_fields, grunt_megastairs_1,
          serial_bayou_shore_a
Lair:4:   layout_small_grid, minmay_snake_entry_guardpost_medium,
          cheibrodos_lair_lostbears
Lair:5:   layout_loops_ring, minmay_slime_entry_pillars, basic_altar,
          kennysheep_abandoned_house
Lair:6:   hangedman_lair_tendril_chambers, layout_layer_cave,
          hangedman_lair_caniforms_friends, portal_ice_cave_rime,
          grunt_forest_small_clearing_treed
Shoals:1: layout_shoals
Shoals:2: layout_shoals, gammafunk_ghost_grave
Shoals:3: layout_shoals, uniq_bai_suzhen
Shoals:4: shoals_end_grunt_ice, layout_shoals, shoal_ilsuiw, uniq_mara
Snake:1:  layout_chambers
Snake:2:  layout_concentric_octagons, basic_altar, grunt_ministairs_11,
          lemuel_fruit_tree, minmay_shop_grove, uniq_aizul
Snake:3:  layout_layer_cave, ebering_ghost_xom, nicolae_snake_salamander_stairs,
          grunt_megastairs_3, uniq_nikola, uniq_louise, uniq_roxanne,
          uniq_vashnia
Snake:4:  snake_pit, layout_basic, serial_shops, nicolae_shop_trees
Slime:1:  layout_caves
Slime:2:  layout_caves
Slime:3:  layout_caves
Slime:4:  layout_caves, nicolae_slime_round_cave
Slime:5
Orc:1:    layout_caves, basic_altar
Orc:2:    st_orc_ogre_mass, layout_diamond_mine, basic_altar, uniq_snorg
Elf:1:    minmay_elf_arrival_circle, layout_loops_cross, serial_shops, shop,
          kennysheep_underground_church
Elf:2:    layout_geoelf_grid, ebering_ghost_inner_flame, uniq_asterion
Elf:3:    minmay_elf_hall_x, layout_geoelf_octagon, minivault_19,
          hangedman_elven_pyramids
Vaults:1: v_pattern_3, grunt_vaults_hallway_long,
          nicolae_vaults_network_periphery, st_octagons_2, vaults_mumra_hex,
          nicolae_vaults_twisting_passages, vaults_room_grunt_arrival_ludios,
          hangedman_vaults_restitches, nicolae_vaults_little_squares_5,
          ontoclasm_vaults_pinch, layout_vaults_omnibox, serial_shops,
          nicolae_shop_statue_plus, mu_enter_wizlab_3
Vaults:2: ontoclasm_vaults_spin, nicolae_vaults_sealed_display,
          hangedman_vaults_restitches, st_squares, v_misc_27, v_misc_33,
          vaults_dpeg_hooks, v_misc_10, layout_vaults_ring, uniq_boris,
          uniq_margery
Vaults:3: vaults_mumra_minichess_inversion, v_misc_18,
          nicolae_vaults_yaktaur_gun_rack, minmay_crypt_entry_simple_plaza,
          ontoclasm_vaults_hangar, v_rooms_4, v_misc_25,
          hangedman_vaults_capsules, vaults_room_corners,
          nicolae_vaults_little_squares_2, ontoclasm_vaults_claustrophobia,
          ontoclasm_vaults_twist, nicolae_vaults_little_squares_2,
          nicolae_vaults_little_squares_5, nicolae_vaults_theta,
          layout_vaults_omnicross
Vaults:4: nicolae_vaults_holding_cells, nicolae_vaults_theta,
          nicolae_vaults_triangles, vaults_room_hallway, v_alt_pattern_2,
          hangedman_vaults_corner, v_misc_2, ontoclasm_vaults_ring_large,
          vaults_mumra_lcd, vaults_room_boxed, hangedman_vaults_pinch,
          ontoclasm_vaults_tryst, layout_vaults_maze_snakey,
          portal_desolation_entry_nicolae_slug
Vaults:5
Depths:1: minmay_connected_triangles_in_corner, layout_honeycomb,
          pf_coc_iceberg, minmay_hedge_maze, pandoras_box_mu
Depths:2: gammafunk_corrupted_shrine, layout_cross, rand_demon_pan_entry_3,
          hell_entry, serial_rivers, chequers_serial_rivers_small_b,
          chequers_serial_rivers_large_a, chequers_serial_rivers_marsh,
          chequers_serial_rivers_micro_b, chequers_serial_rivers_small_3,
          grunt_decor_cap
Depths:3: minmay_quantized_circle, layout_long_grid, special_room
          [special_room_magic_class], pan_entry,
          hangedman_abyss_or_decor_lesser_grid, hell_entry,
          kennysheep_nondescript
Depths:4: minmay_broken_ring, layout_twisted_cross, enter_ziggurat_c,
          grunt_mini_vestibule, serial_bayou, serial_bayou_lake_a,
          serial_bayou_pond_d, serial_bayou_pond_c, serial_bayou_lagoon_b,
          abyss_entry, lemuel_crystal_altar, firewood_loft,
          infiniplex_staircase_pool_2
Depths:5: hangedman_spin_cycle, hell_entry, uniq_jory, uniq_saint_roka
Zig:25

Skill      XL: |  1  2  3  4  5  6  7  8  9 10 11 12 13 14 15 16 17 18 19 20 21 22 23 24 25 26 27 |
---------------+----------------------------------------------------------------------------------+-----
Fighting       | 1 5 9 10 18 | 18.5
Earth Magic    | 4 5 6 8 9 11 12 22 | 22.0
Conjurations   | 1 2 3 5 8 10 | 10.0
Spellcasting   | 3 4 5 6 7 9 12 13 15 16 17 18 19 21 27 | 27.0
Short Blades   | 2 4 6 8 9 10 | 10.0
Transmutations | 2 4 6 8 9 10 11 13 14 15 | 15.0
Stealth        | 4 8 10 | 10.0
Dodging        | 3 7 10 11 15 16 22 | 22.0
Translocations | 3 |  3.0
Shields        | 4 7 11 13 15 | 15.0
Necromancy     | 2 7 10 | 10.0
Unarmed Combat | 6 11 14 16 | 16.0
Fire Magic     | 6 12 15 18 | 18.0
Ice Magic      | 17 | 17.0

Action                   |  1- 3 |  4- 6 |  7- 9 | 10-12 | 13-15 | 16-18 | 19-21 | 22-24 | 25-27 || total
-------------------------+-------+-------+-------+-------+-------+-------+-------+-------+-------++-------
Melee: Unarmed           |     5 |       |       |       |    47 |    33 |   146 |   467 |   870 ||  1568
       Dagger            |    40 |    13 |    33 |    85 |   393 |   571 |   538 |    79 |       ||  1752
       Constrict         |    10 |     4 |     4 |    11 |    48 |   111 |    88 |    28 |    59 ||   363
       Tentacles         |     5 |     3 |     5 |    18 |    95 |   174 |   178 |    67 |   114 ||   659
       Tailslap          |       |       |       |       |       |       |    19 |    66 |    47 ||   132
       Bite              |       |       |       |       |       |       |    14 |    55 |    56 ||   125
       Punch             |       |       |       |       |       |       |    65 |    95 |   114 ||   274
       Staff             |       |       |       |       |       |       |       |       |     4 ||     4
Throw: Dart              |       |     4 |     1 |     1 |       |       |       |       |     4 ||    10
 Cast: Sandblast         |    39 |    73 |    23 |       |       |       |       |       |       ||   135
       Stone Arrow       |       |       |   148 |   284 |   349 |   300 |   229 |    19 |     2 ||  1331
       Petrify           |       |       |     9 |    25 |   301 |   383 |   153 |     2 |     4 ||   877
       Mephitic Cloud    |       |       |       |       |     4 |     5 |     4 |       |       ||    13
       Lee's Rapid Decon |       |       |       |       |    28 |    32 |    86 |    52 |    19 ||   217
       Hydra Form        |       |       |       |       |     3 |     4 |       |       |       ||     7
       Blink             |       |       |       |       |     4 |       |       |       |       ||     4
       Passwall          |       |       |       |       |     1 |       |     2 |     2 |       ||     5
       Borgnjor's Vile C |       |       |       |       |       |    24 |    46 |   116 |   179 ||   365
       Irradiate         |       |       |       |       |       |     3 |    24 |    23 |    36 ||    86
       Statue Form       |       |       |       |       |       |     1 |    13 |     6 |    12 ||    32
       Dragon Form       |       |       |       |       |       |       |     5 |    25 |    34 ||    64
       Bolt of Magma     |       |       |       |       |       |       |       |   201 |   406 ||   607
       Fireball          |       |       |       |       |       |       |       |    10 |     1 ||    11
       Ignition          |       |       |       |       |       |       |       |       |   194 ||   194
       Apportation       |       |       |       |       |       |       |       |       |    51 ||    51
       Shatter           |       |       |       |       |       |       |       |       |    14 ||    14
       Iron Shot         |       |       |       |       |       |       |       |       |    12 ||    12
Invok: Potion Petition   |       |       |       |     2 |     1 |     6 |     1 |     1 |    22 ||    33
       Call Merchant     |       |       |       |       |       |     3 |       |       |       ||     3
 Abil: End Transformatio |       |       |       |       |       |     1 |       |     7 |     9 ||    17
       Breathe Fire      |       |       |       |       |       |       |       |     4 |     3 ||     7
       Stop Flying       |       |       |       |       |       |       |       |       |     1 ||     1
Evoke: Wand              |       |       |       |    10 |       |    45 |    11 |       |     3 ||    69
       Lightning rod     |       |       |       |       |       |    18 |    14 |       |     6 ||    38
       Phial of floods   |       |       |       |       |       |     2 |     1 |     1 |       ||     4
       Tin of tremorston |       |       |       |       |       |     3 |     4 |       |     2 ||     9
  Use: Scroll            |       |       |    13 |    14 |     4 |    20 |    10 |    16 |    42 ||   119
       Potion            |       |       |     1 |     8 |       |     9 |     8 |       |    16 ||    42
 Stab: Petrified         |       |       |    10 |    31 |   187 |   252 |   113 |       |       ||   593
       Petrifying        |       |       |       |       |    15 |    26 |    12 |       |       ||    53
       Sleeping          |       |       |       |       |     1 |     4 |    17 |     4 |     1 ||    27
       Distracted        |       |       |       |       |     4 |     3 |     4 |     9 |    22 ||    42
       Confused          |       |       |       |       |     2 |     3 |       |       |       ||     5
       Invisible         |       |       |       |       |       |       |       |       |     3 ||     3
Armor: Skin              |     6 |       |     2 |    16 |    29 |    42 |    93 |    77 |   160 ||   425
Dodge: Dodged            |    37 |    24 |    45 |   103 |   327 |   421 |   361 |   317 |   762 ||  2397
Block: Buckler           |       |       |       |       |     9 |    57 |       |       |       ||    66
       Kite shield       |       |       |       |       |       |   139 |   486 |   257 |   737 ||  1619
       Reflection        |       |       |       |       |       |       |    50 |    51 |    64 ||   165
       Other             |       |       |       |       |       |       |     5 |    48 |    29 ||    82

Table legend: (Time is in decaauts)
 A = Elapsed time spent in this place.
 B = Non-inter-level travel time spent in this place.
 C = Inter-level travel time spent in this place.
 D = Time resting spent in this place.
 E = Time spent auto-exploring this place.
 F = Levels seen in this place.
 G = Mean time per level.
                   A        B        C        D        E       F      G
               +--------+--------+--------+--------+--------+-----+--------+
         Total | 121376 | 114585 |   6791 |  13588 |  76671 |  88 | 1379.3 |
       Dungeon |  28192 |  26495 |   1697 |   2527 |  20347 |  15 | 1879.5 |
        Temple |    127 |    115 |     12 |      0 |     97 |   1 |  127.0 |
          Lair |  15443 |  13756 |   1687 |    910 |  10325 |   6 | 2573.8 |
        Shoals |  11299 |  10892 |    407 |   2080 |   6792 |   4 | 2824.8 |
     Snake Pit |   7311 |   7112 |    199 |    666 |   5387 |   4 | 1827.8 |
    Slime Pits |   2070 |   1982 |     88 |    775 |    672 |   5 |  414.0 |
  Orcish Mines |   3499 |   3047 |    452 |    541 |   1813 |   2 | 1749.5 |
   Elven Halls |   6304 |   5803 |    501 |    202 |   4519 |   3 | 2101.3 |
        Vaults |  16668 |  15850 |    818 |   2373 |   9885 |   5 | 3333.6 |
        Depths |  15867 |  14941 |    926 |   2622 |   9509 |   5 | 3173.4 |
         Abyss |   3943 |   3943 |      0 |    206 |    805 |  10 |  394.3 |
      Ziggurat |   5906 |   5906 |      0 |    400 |   3449 |  25 |  236.2 |
         Trove |     33 |     33 |      0 |      0 |      2 |   1 |   33.0 |
        Wizlab |   2855 |   2855 |      0 |     69 |   2098 |   1 | 2855.0 |
    Desolation |   1853 |   1853 |      0 |    214 |    968 |   1 | 1853.0 |
               +--------+--------+--------+--------+--------+-----+--------+

Top non-repeatable levels by time:
  Lair:6: 4906 daAuts
Vaults:1: 4809 daAuts
    D:14: 4335 daAuts
Depths:4: 4111 daAuts
Depths:3: 3871 daAuts
Shoals:3: 3706 daAuts
Vaults:4: 3359 daAuts
Vaults:2: 3001 daAuts
Depths:5: 2945 daAuts
Vaults:3: 2905 daAuts
Shoals:2: 2887 daAuts
Depths:1: 2880 daAuts
    D:11: 2865 daAuts
   Elf:3: 2861 daAuts
  WizLab: 2855 daAuts
